[Event "Early-Titled-Tuesday-Blitz-March-26-2024"]
[Site "Chess.com"]
[Date "2024.03.26"]
[Round "8"]
[White "Cheer_Down"]
[Black "lucasran"]
[Result "1-0"]
[WhiteElo "2497"]
[BlackElo "2607"]
[TimeControl "180+1"]
[EndTime "9:25:45 PDT"]
[Termination "Cheer_Down won on time"]

1. e4 e5 2. Nf3 Nc6 3. Bc4 Bc5 4.
c3 Nf6 5. d3 h6 6. O-O d6 7. Re1 O-O 8. h3 Be6 9. Bxe6 fxe6 10.
d4 Bb6 11. Na3 exd4 12. cxd4 e5 13. dxe5 Nxe5 14. Be3 Nxf3+ 15. Qxf3 Nd5 16. Qg4 Nxe3 17. fxe3 Qe7 18. Nc4 Bc5 19. a3 Rae8 20. e5 dxe5 21. Qe4 c6 22. Rad1 Qe6 23. b4 Bb6 24. Nxb6 axb6 25. Rd3 Rd8 26. Red1 Rxd3 27. Rxd3 Qe7 28. a4 Re8 29. b5 Rc8 30. Kh2 Kh8 31. Qf5 Rf8 32.
Qe4 Re8 33. bxc6 bxc6 34. Qxc6 Rb8 35. Rd7 Qg5 36. Qe4 Rf8 37. Rd5 Re8 38. Rd6 Rb8 39. Re6 Rf8 40. Rxe5 Qf6 41. Re6 Qf7 42. Qe5 Kg8 43.
Rxb6 Re8 44. Qf4 Qe7 45. Rb3 Qd7 46. Rc3 Qe6 47. a5 Qa6 48. Qc4+ Kh8 49. Qxa6 1-0

[Event "Early-Titled-Tuesday-Blitz-March-26-2024"]
[Site "Chess.com"]
[Date "2024.03.26"]
[Round "8"]
[White "toog"]
[Black "kidagent"]
[Result "1-0"]
[WhiteElo "2629"]
[BlackElo "2318"]
[TimeControl "180+1"]
[EndTime "9:25:45 PDT"]
[Termination "toog won on time"]

1. d4 d5 2. Nf3 Nf6 3. Bf4 Bf5 4. e3 e6 5. c4 c6 6. Qb3 Qc8 7. Nc3 dxc4 8. Bxc4 b5 9. Be2 Nbd7 10. Rc1 Qb7 11. O-O Be7 12. Nh4 Bg6 13. Nxg6 hxg6 14. h3 O-O 15. Bf3 Rac8 16. Rc2 a5 17. Rfc1 Nd5 18.
Nxd5 exd5 19. a4 b4 20. e4 dxe4 21. Bxe4 g5 22. Bg3 Nf6 23. Bxc6 Qb6 24. d5 Ne4 25. Be5 Bc5 26. Rxc5 Nxc5 27. Qe3 Nxa4 28. Bd4 Qc7 29.
Qxg5 f6 30. Qe3 Rfd8 31. Re1 Nxb2 32. Bxb2 Qd6 33. Bd4 Rb8 34. Bc5 Qe5 35. Qxe5 fxe5 36. Be7 Rdc8 37. Bd6 Rb6 38. Bxe5 b3 39. Rb1 Rf8 40. f4 g5 41. g3 gxf4 42. gxf4 Kf7 43. Kf2 Ke7 44. Ke3 Rg8 45. Kf3 Rb4 46. d6+ Ke6 47.
Rd1 Rc8 48. d7 Rd8 49. Bd5+ Kxd7 50. Bxb3+ Ke8 51. Bf7+ Ke7 52. Rxd8 Kxd8 53. h4 a4 54. h5 a3 55. h6 Ke7 56. Bg8 Rb1 57. h7 1-0

[Event "Early-Titled-Tuesday-Blitz-March-26-2024"]
[Site "Chess.com"]
[Date "2024.03.26"]
[Round "8"]
[White "Durarbayli"]
[Black "DenLaz"]
[Result "0-1"]
[WhiteElo "2930"]
[BlackElo "3093"]
[TimeControl "180+1"]
[EndTime "9:25:47 PDT"]
[Termination "DenLaz won on time"]

1. e4 c5 2. Nf3 e6 3. d4 cxd4 4. Nxd4 Nc6 5. Nc3 Qc7 6. Be3 a6 7. Qf3 Ne5 8. Qg3 h5 9. O-O-O h4 10. Qh3 Ng6 11. Qf3 b5 12. g3 Bb7 13. Bd3 Nf6 14. Kb1 Rc8 15. Rhe1 Bb4 16. Bd2 Bc5 17. Nb3 Be7 18. a3 Ne5 19. Qe2 Nc4 20. e5 Nd5 21.
Nxd5 Bxd5 22. Bb4 a5 23. Bxe7 Kxe7 24. Qg4 Kf8 25. Qd4 a4 26. Nd2 Qc5 27. Qxc5+ Rxc5 28. Bxc4 bxc4 29. Ne4 Bxe4 30. Rxe4 hxg3 31. hxg3 Ke7 32.
Red4 Rc7 33. g4 g5 34. f4 gxf4 35. Rxf4 Rc5 36. Rdf1 Rh7 37. Re4 c3 38. bxc3 Rxc3 39. Rxa4 Rh2 40. Rd1 Rcxc2 41. Ra7 Rb2+ 42. Ka1 Rbd2 43.
Rxd2 Rxd2 44. a4 Rd5 45. a5 Rxe5 46. Ra8 Rg5 47. a6 Rxg4 48. Kb2 Ra4 49. Kb3 Ra1 50. Kb4 f5 0-1

[Event "Early-Titled-Tuesday-Blitz-March-26-2024"]
[Site "Chess.com"]
[Date "2024.03.26"]
[Round "8"]
[White "eljanov"]
[Black "Rud_Makarian"]
[Result "0-1"]
[WhiteElo "2916"]
[BlackElo "3092"]
[TimeControl "180+1"]
[EndTime "9:25:48 PDT"]
[Termination "Rud_Makarian won on time"]

1. d4 Nf6 2. Bf4 c5 3. d5 b5 4. f3 d6 5. e4 b4 6. a3 g6 7. axb4 cxb4 8. Nd2 Bg7 9. Nc4 O-O 10. Ne2 Ba6 11. Nd4 Qc7 12. b3 Nfd7 13. Be3 Rc8 14. Ra2 Nb6 15. Na5 Bxf1 16. Kxf1 Qd7 17. Kf2 Rc3 18.
Ne2 Rc8 19. Qd2 e6 20. Rd1 exd5 21. exd5 Qb5 22. Nf4 N8d7 23. Nc6 Bc3 24. Qe2 Qxe2+ 25.
Nxe2 Nxd5 26. Rxd5 Rxc6 27. Nxc3 Rxc3 28. Rxd6 Nf8 29.
Bd2 Rc7 30. Bxb4 Rac8 31. c3 Ne6 32. Rda6 Ra8 33. g3 h5 34. h4 Ng7 35. R2a4 Nf5 36. c4 Rd7 37. Bc3 Rd3 38. Be1 Rb8 39. Rxa7 Rbxb3 40. Rb4 Rxf3+ 41. Kg2 Rbd3 42. Ra8+ Kg7 43. Rbb8 Rfe3 44. Rg8+ Kf6 45. Bf2 Re2 46. Kf1 Rc2 47.
Ra6+ Ke7 0-1

[Event "Early-Titled-Tuesday-Blitz-March-26-2024"]
[Site "Chess.com"]
[Date "2024.03.26"]
[Round "8"]
[White "AsaHoffmann"]
[Black "guillembaches"]
[Result "1/2-1/2"]
[WhiteElo "2410"]
[BlackElo "2523"]
[TimeControl "180+1"]
[EndTime "9:25:50 PDT"]
[Termination "Game drawn by repetition"]

1. d4 d5 2. Bg5 h6 3. Bh4 c6 4. e3 Qb6 5. b3 Bf5 6. Bd3 Bxd3 7. Qxd3 e5 8. Nd2 e4 9. Qe2 Bb4 10. a3 Bc3 11. Rd1 Nd7 12. f3 Ngf6 13. Kf2 O-O-O 14.
Nb1 Bb2 15. b4 Qb5 16. Qxb5 cxb5 17. Ne2 Nb6 18. Bxf6 gxf6 19. fxe4 dxe4 20. Nec3 f5 21. Nxb5 Kb8 22. a4 a6 23. N5a3 Rc8 24. Rd2 Nxa4 25.
c4 Rhd8 26. Rhd1 Bc3 27. Nxc3 Nxc3 28. Rc1 Na4 29. c5 b5 30. Nb1 Nb6 31. Nc3 Nc4 32. Ra2 Kb7 33. Rca1 f4 34. Nd1 fxe3+ 35. Nxe3 Rxd4 36.
Nxc4 Rxc4 37. Rxa6 Rd8 38. Ra7+ Kc6 39. R1a6+ Kd5 40.
Rxf7 Rxb4 41. c6 Rc8 42. c7 Rc4 43. Ra7 b4 44. Rb7 b3 45. Ke3 b2 46. Rxb2 Rc3+ 47. Kf4 R3xc7 48. Rxc7 Rxc7 49. Rd2+ Ke6 50. Kxe4 Rg7 51. g3 Ra7 52. Rd4 Kf6 53. h4 h5 54.
Rd5 Kg6 55. Rg5+ Kh6 56. Rd5 Ra4+ 57. Kf5 Rg4 58. Rd6+ Kh7 59. Rd3 Kh6 60. Re3 Kh7 61. Rf3 Kh6 62. Re3 Kh7 63. Rf3 Kh6 64. Re3 1/2-1/2

[Event "Early-Titled-Tuesday-Blitz-March-26-2024"]
[Site "Chess.com"]
[Date "2024.03.26"]
[Round "8"]
[White "baki83"]
[Black "Jospem"]
[Result "1-0"]
[WhiteElo "2890"]
[BlackElo "3075"]
[TimeControl "180+1"]
[EndTime "9:25:51 PDT"]
[Termination "baki83 won on time"]

1. Nf3 c5 2. g3 Nc6 3. Bg2 g6 4. O-O Bg7 5. c3 e5 6. e4 Nge7 7. d3 O-O 8. Be3 d6 9. Nbd2 h6 10. a4 f5 11. Qb3+ Kh8 12. exf5 gxf5 13. Nc4 Be6 14.
Rfe1 e4 15. Nfd2 d5 16. Na3 Na5 17. Qc2 Rc8 18. dxe4 fxe4 19. Rad1 Bg4 20. Nxe4 Bxd1 21. Rxd1 b6 22. Nb5 Nc4 23. Bf4 Ng6 24. b3 Nxf4 25.
gxf4 Qh4 26. Rxd5 Na5 27. Ned6 Rcd8 28. Rf5 Qe7 29. Rxf8+ Rxf8 30. Qg6 Qf6 31. f5 Qxg6 32. fxg6 Bf6 33. Bd5 Be7 34. Bf7 Bxd6 35. Nxd6 Kg7 36. f4 Nc6 37. Ne8+ Rxe8 38. Bxe8 Ne7 39. Kf2 Nd5 40. Kf3 Nxc3 41. Bf7 Kf6 42. Ke3 Na2 43. Kd3 Nb4+ 44. Kc4 a6 45. h4 Nc6 46.
Kd5 Na5 47. Kd6 Kg7 48. Kc7 Kf6 49. Kxb6 Nxb3 50. Bxb3 c4 51. Bxc4 Kxg6 52. Kxa6 1-0

[Event "Early-Titled-Tuesday-Blitz-March-26-2024"]
[Site "Chess.com"]
[Date "2024.03.26"]
[Round "8"]
[White "babyking1205"]
[Black "sansanathalia"]
[Result "1-0"]
[WhiteElo "2640"]
[BlackElo "2424"]
[TimeControl "180+1"]
[EndTime "9:25:51 PDT"]
[Termination "babyking1205 won on time"]

1. e4 c5 2. Nc3 e6 3. Nge2 d5 4. d3 Nc6 5. g3 Nf6 6. Bg2 dxe4 7. Nxe4 Be7 8. O-O O-O 9. Be3 Nd4 10. c3 Nxe2+ 11. Qxe2 Qc7 12. Rad1 Rb8 13. Rfe1 Nd5 14. Bc1 f5 15. Ng5 Bxg5 16. Bxg5 Ra8 17. c4 Nb4 18. Bf4 Qd7 19. d4 cxd4 20. Qd2 Nc6 21. b4 a6 22. b5 axb5 23. cxb5 Ne7 24. Qb4 Ng6 25. Rxd4 Qf7 26. Bd6 Rd8 27. a4 Ne7 28. Bxe7 Rxd4 29. Qxd4 Qxe7 30. Rd1 Kf7 31. Qd8 Qxd8 32.
Rxd8 Ke7 33. Rh8 h6 34. a5 Kd7 35. a6 Ra7 36. Rg8 g5 37. Rg7+ Kd6 38. axb7 Bxb7 39.
Rxb7 Ra1+ 40. Bf1 Rb1 41. Rb6+ Ke5 42. Kg2 f4 43. gxf4+ gxf4 44. Be2 Rb2 45. Bf3 Rb3 46. Rb7 Rb1 47. b6 Rb2 48. Rb8 Rb4 49. b7 Rb1 50.
Rd8 1-0

[Event "Early-Titled-Tuesday-Blitz-March-26-2024"]
[Site "Chess.com"]
[Date "2024.03.26"]
[Round "8"]
[White "dodorox"]
[Black "jcmesafischer"]
[Result "0-1"]
[WhiteElo "2123"]
[BlackElo "2360"]
[TimeControl "180+1"]
[EndTime "9:25:51 PDT"]
[Termination "jcmesafischer won on time"]

1. d4 Nf6 2. c4 e6 3. Nc3 Bb4 4.
Bd2 Bxc3 5. Bxc3 d5 6. e3 Ne4 7.
Rc1 O-O 8. Nf3 b6 9. cxd5 exd5 10. Bd3 Ba6 11. Bxa6 Nxa6 12. Qa4 Qc8 13. O-O Qb7 14. b4 b5 15. Qa5 c6 16. Be1 f6 17. Nd2 Nd6 18. Qa3 Nb8 19. Qc3 Rc8 20. f3 Nd7 21.
Bg3 Nc4 22. Nxc4 bxc4 23. a4 a5 24. Rb1 axb4 25. Rxb4 Qa6 26. Rfb1 Re8 27. Rb7 Nf8 28. R7b4 Qc8 29. Ra1 Qe6 30. Bf2 Ra6 31. a5 Rea8 32. Rb6 f5 33. g3 Qc8 34. Qb4 Nd7 35. Rxa6 Qxa6 36. Qd6 Qb7 37. a6 Qc8 38. a7 Nf6 39. Qc5 Qc7 40. Qa5 Qxa5 41. Rxa5 Nd7 42. Be1 Kf7 43. Bb4 Nb6 44. Kf2 Nc8 45. Bc5 Ke6 46. Ke2 Kd7 47. Kd2 Kc7 48. Ra6 Kb7 49. Ra1 Nxa7 50.
Rb1+ Nb5 51. Bb4 Ra2+ 52. Ke1 Rxh2 53. Bc5 Rh1+ 0-1

[Event "Early-Titled-Tuesday-Blitz-March-26-2024"]
[Site "Chess.com"]
[Date "2024.03.26"]
[Round "8"]
[White "Agibileg"]
[Black "Savagelittlemole"]
[Result "1-0"]
[WhiteElo "2762"]
[BlackElo "2502"]
[TimeControl "180+1"]
[EndTime "9:25:52 PDT"]
[Termination "Agibileg won by resignation"]

1. d4 Nf6 2. c4 c5 3. d5 e6 4. Nc3 exd5 5. cxd5 d6 6. e4 g6 7. Bd3 Bg7 8. h3 O-O 9. Nf3 Na6 10. O-O Nc7 11. Bf4 Rb8 12. a4 Re8 13. Re1 Nh5 14.
Bh2 a6 15. e5 dxe5 16. Nxe5 Bd7 17. a5 b5 18. axb6 Rxb6 19. Nc4 Rb4 20. d6 Rxe1+ 21.
Qxe1 Ne6 22. Rxa6 Nhf4 23. Bxf4 Nxf4 24. Bf1 Qg5 25. Ra8+ Bf8 26. g3 Ne6 27. Ne5 Nd4 28. Rxf8+ Kxf8 29. Nxd7+ Kg7 30. Qe5+ Qxe5 31. Nxe5 Kf6 32.
d7 Ke7 33. Nd5+ Kd8 34. Nxb4 cxb4 35. Nxf7+ Kxd7 36. Ng5 h6 37. Ne4 Ke6 38. Bc4+ Ke5 39. Nd2 Nc6 40. Nf3+ Ke4 41. Kg2 Na5 42. Bf7 g5 43. b3 Kd3 44. h4 gxh4 45. gxh4 Kc3 46. Ne5 Nxb3 47. Bxb3 Kxb3 48. Nc6 Kc4 49. Nxb4 Kxb4 50.
Kf3 Kc5 51. Kg4 Kd5 52. Kh5 Ke6 53. Kxh6 Kf6 54. h5 Kf7 55. Kg5 1-0

[Event "Early-Titled-Tuesday-Blitz-March-26-2024"]
[Site "Chess.com"]
[Date "2024.03.26"]
[Round "8"]
[White "SAInt_666"]
[Black "1mbl4"]
[Result "0-1"]
[WhiteElo "2716"]
[BlackElo "2587"]
[TimeControl "180+1"]
[EndTime "9:25:54 PDT"]
[Termination "1mbl4 won by resignation"]

1. d4 Nf6 2. c4 g6 3. Nf3 Bg7 4. e3 O-O 5. Be2 d6 6. Nc3 Nc6 7. d5 Nb8 8. O-O e6 9. dxe6 fxe6 10. Qc2 Nc6 11. b3 e5 12. Bb2 Bf5 13. Qd2 Ne4 14.
Nxe4 Bxe4 15. Rad1 Qe7 16. Ne1 Rad8 17. Bf3 Bxf3 18.
Nxf3 Kh8 19. Ne1 e4 20. Bxg7+ Kxg7 21. f4 exf3 22. Rxf3 Ne5 23. Rf4 g5 24. Rf2 Qe6 25. Nf3 Nxf3+ 26. gxf3 b6 27. Qd4+ Kg6 28. Kg2 Rde8 29.
Rd3 Rf5 30. Qc3 Ref8 31. Rd4 h5 32. h3 Qf7 33. Qd3 Kh6 34. Qe4 Re8 35. Qc6 Rxe3 36. Re4 Rexf3 37. Rxf3 Rxf3 38. Re6+ Qxe6 39. Qxf3 Kg6 40.
Qc6 Qe2+ 41. Kg1 Qd1+ 42. Kg2 Qc2+ 43. Kg1 Qb1+ 44. Kg2 Qxa2+ 45. Kg1 Qa1+ 46. Kg2 Qb2+ 47. Kg1 Qxb3 48. Qe8+ Kf6 49. Qf8+ Ke5 50. Qg7+ Ke4 51.
Qxg5 Qe3+ 0-1

[Event "Early-Titled-Tuesday-Blitz-March-26-2024"]
[Site "Chess.com"]
[Date "2024.03.26"]
[Round "8"]
[White "MNyuyu"]
[Black "kai_nov"]
[Result "1-0"]
[WhiteElo "2416"]
[BlackElo "2336"]
[TimeControl "180+1"]
[EndTime "9:25:54 PDT"]
[Termination "MNyuyu won by checkmate"]

1. d4 Nf6 2. Nf3 d5 3. Bf4 g6 4. e3 Bg7 5. h3 O-O 6. Nbd2 c5 7. c3 Nc6 8. Be2 Qb6 9. Qb3 c4 10.
Qc2 Bf5 11. Qc1 e6 12. O-O Rfd8 13. Ne5 Nxe5 14. Bxe5 Ne4 15. Bxg7 Kxg7 16. Nxe4 Bxe4 17. f3 Bf5 18. g4 Bd3 19. Bxd3 cxd3 20. Rd1 Qb5 21.
Qd2 f5 22. Rab1 fxg4 23. hxg4 Rf8 24. Kg2 Qe8 25. Qxd3 Qf7 26. f4 Kf6 27. g5+ Ke7 28. c4 Rac8 29. Rbc1 Rfd8 30. Qa3+ Ke8 31. cxd5 exd5 32.
Qxa7 Qe6 33. Qa4+ Kf7 34. Rxc8 Qg4+ 35. Kf2 Rxc8 36. Rh1 Qf5 37. Rxh7+ Kg8 38. Qd7 Rc2+ 39. Kg3 Qxd7 40. Rxd7 Rxb2 41. Rxd5 Rxa2 42. Rd7 Rb2 43. Kf3 b5 44. Rb7 b4 45. e4 Rb3+ 46. Kg4 Re3 47.
e5 b3 48. d5 Rd3 49. d6 Kf8 50. f5 Rd4+ 51. Kf3 gxf5 52. g6 Rd5 53. Kf4 Rd3 54.
Kxf5 Rf3+ 55. Ke6 b2 56. d7 Rd3 57. Rxb2 Kg7 58. Rb8 Kh6 59. d8=Q Rd6+ 60. Qxd6 Kg7 61. Qe7+ Kh6 62. Rh8+ Kxg6 63. Qf6# 1-0

[Event "Early-Titled-Tuesday-Blitz-March-26-2024"]
[Site "Chess.com"]
[Date "2024.03.26"]
[Round "8"]
[White "kids2010"]
[Black "VladimirKramnik"]
[Result "0-1"]
[WhiteElo "2802"]
[BlackElo "2995"]
[TimeControl "180+1"]
[EndTime "9:25:55 PDT"]
[Termination "VladimirKramnik won by checkmate"]

1. e4 c5 2. Nf3 d6 3. c3 Nf6 4. h3 Nc6 5. Bd3 g6 6. Bc2 Bg7 7. O-O e5 8. d4 cxd4 9. cxd4 exd4 10. Nxd4 O-O 11. Nc3 Re8 12. Ndb5 Nb4 13. Bb3 d5 14.
a3 Na6 15. exd5 Nc5 16. Bc2 a6 17. Nd4 Nxd5 18. Nxd5 Qxd5 19. Be3 b6 20. b4 Bb7 21. Nf3 Bxa1 22. bxc5 Qxd1 23. Rxd1 Bb2 24. cxb6 Bxa3 25. Ba4 Red8 26. Rb1 a5 27. Ne5 Bd6 28. Nc6 Rdc8 29.
Nd4 Rc4 30. Bb5 Rb4 31. Rxb4 axb4 32. Nb3 Ra3 33. Bc4 Ba6 34. Bxa6 Rxa6 35. b7 Bb8 36. Bc5 Ra3 37. Nd2 Ra1+ 38. Nf1 b3 39. Bd4 Rd1 40. Bc3 Rd7 41. Ne3 Rxb7 42. Bb2 f5 43. Kf1 Kf7 44.
Nd1 Ke6 45. Ke2 Be5 46. Kd3 Bxb2 47. Nxb2 Kd5 48. Kc3 g5 49. f3 f4 50. Nd3 Rc7+ 51. Kxb3 Kd4 52. Nf2 Ke3 53. Ne4 Rg7 54. Kc2 h5 55. Kd1 g4 56. hxg4 hxg4 57. Ke1 gxf3 58. gxf3 Rg1# 0-1

[Event "Early-Titled-Tuesday-Blitz-March-26-2024"]
[Site "Chess.com"]
[Date "2024.03.26"]
[Round "8"]
[White "Practical-Play"]
[Black "Aleksandar-Topalov"]
[Result "0-1"]
[WhiteElo "2493"]
[BlackElo "2365"]
[TimeControl "180+1"]
[EndTime "9:25:57 PDT"]
[Termination "Aleksandar-Topalov won by checkmate"]

1. d4 e6 2. c4 f5 3. Nc3 Nf6 4. g3 Be7 5. Bg2 O-O 6. Nh3 d6 7. O-O c6 8. Qc2 a5 9. e4 Na6 10. a3 fxe4 11. Nxe4 Nxe4 12. Bxe4 h6 13. Nf4 Rf6 14. Bh7+ Kh8 15. Nh5 Rf7 16. Bg6 Rf8 17.
h4 Nc7 18. Be3 d5 19. Qd2 Bxh4 20. Bxh6 Bf6 21. g4 dxc4 22. g5 Bxd4 23. Rad1 gxh6 24.
Qxd4+ Qxd4 25. Rxd4 Rg8 26. Bf7 Rxg5+ 27. Kh1 Nd5 28. f4 Rg4 29. Rf2 e5 30. Re4 Rh4+ 31. Rh2 Rxh2+ 32. Kxh2 exf4 33. Re8+ Kh7 34. Rg8 b5 35. Rg7+ Kh8 36. Bg6 Bg4 37. Rh7+ Kg8 38. Rg7+ Kh8 39. Rf7 Bxh5 40. Bxh5 Rg8 41. Bg4 Rxg4 42.
Kh3 Rg6 43. Kh4 Rf6 44. Rd7 f3 45. Rd8+ Kg7 46. Rd7+ Kg6 47. Rd8 f2 48. Rg8+ Kf7 49. Rd8 f1=Q 50. Rd7+ Ke6 51. b3 Qf4+ 52. Kh3 Qf3+ 53.
Kh2 Kxd7 54. bxc4 Rg6 55. cxd5 Qg2# 0-1

[Event "Early-Titled-Tuesday-Blitz-March-26-2024"]
[Site "Chess.com"]
[Date "2024.03.26"]
[Round "8"]
[White "xakevicius91"]
[Black "BallottiLuca"]
[Result "1/2-1/2"]
[WhiteElo "2518"]
[BlackElo "2366"]
[TimeControl "180+1"]
[EndTime "9:25:57 PDT"]
[Termination "Game drawn by repetition"]

1. e4 e5 2. Nf3 Nf6 3. Nxe5 Nxe4 4. Be2 d5 5. O-O Bd6 6. Nf3 O-O 7.
d3 Nf6 8. d4 Re8 9. h3 Bf5 10.
Nc3 c6 11. Bd3 Bxd3 12. Qxd3 Nbd7 13. Bd2 h6 14. a3 Qc7 15. b4 Nb6 16. Rae1 Nc4 17. Bc1 b5 18. Nd2 a5 19. bxa5 Qxa5 20. Rxe8+ Rxe8 21. a4 Bb4 22. Ndb1 bxa4 23. g4 a3 24. Na2 Bd6 25. Nbc3 Ne4 26. Ne2 Rb8 27. Kg2 Rb1 28. h4 Qd8 29. g5 Rb8 30. f3 hxg5 31. fxe4 gxh4 32. e5 Be7 33. Qf5 Qe8 34. Nf4 Rb1 35. Kh2 Ra1 36. Rg1 Rxa2 37. e6 fxe6 38. Nxe6 Qf7 39. Rxg7+ Qxg7 40. Nxg7 Kxg7 41. Kh3 Ra1 42. Bg5 Bxg5 43. Qxg5+ Kf7 44. Qf5+ Ke7 45. Qc8 a2 46. Qa6 Rh1+ 47. Kg4 a1=Q 48. Qb7+ Kd6 49. Qb8+ Kd7 50. Qb7+ Ke8 51. Qc8+ Ke7 52. Qc7+ Ke6 53.
Qc8+ Kf6 54. Qf8+ Ke6 55. Qe8+ Kd6 56. Qd8+ Ke6 57. Qe8+ Kd6 58. Qd8+ Ke6 59. Qe8+ 1/2-1/2

[Event "Early-Titled-Tuesday-Blitz-March-26-2024"]
[Site "Chess.com"]
[Date "2024.03.26"]
[Round "8"]
[White "KetiTsatsalashvili"]
[Black "Bilan_Danila"]
[Result "1-0"]
[WhiteElo "2459"]
[BlackElo "2624"]
[TimeControl "180+1"]
[EndTime "9:26:00 PDT"]
[Termination "KetiTsatsalashvili won by checkmate"]

1. d4 d5 2. Nf3 Nf6 3. Bg5 Ne4 4.
Bh4 c5 5. e3 Nc6 6. Be2 cxd4 7.
exd4 Qb6 8. b3 Bg4 9. c3 e6 10. O-O Bd6 11. h3 Bf5 12. Nfd2 g5 13. Nxe4 Bxe4 14.
Bg3 Bxg3 15. fxg3 f5 16. Bh5+ Ke7 17. Kh2 Rac8 18. Nd2 Kd6 19. Nxe4+ dxe4 20. d5 Ne7 21. dxe6+ Kxe6 22. Qd2 h6 23. Rad1 Rhd8 24. Qc2 Rxd1 25. Rxd1 Rd8 26. Re1 Kf6 27. Qe2 Qd6 28. Qc4 a6 29.
Qf7+ Ke5 30. Rd1 Nc6 31. Rxd6 Rxd6 32. Qg7+ Rf6 33. Qxb7 e3 34. Qc7+ Rd6 35. c4 Ke6 36. c5 Rd2 37. Qxc6+ Ke5 38. Qc7+ Kd4 39. Bf3 g4 40.
Qd6+ Kc3 41. Qe5+ Kd3 42. hxg4 fxg4 43. Qe4+ Kc3 44. Qxe3+ Rd3 45. Qe1+ Kd4 46. Bxg4 Kxc5 47. Qe5+ Rd5 48. Qc3+ Kd6 49. Bf3 Rg5 50. Qf6+ Kc5 51.
Qxh6 Re5 52. Qf4 Re1 53. g4 a5 54. g5 Re7 55. g6 a4 56. bxa4 Kb6 57. Qf6+ Re6 58.
Qxe6+ Ka7 59. Qd7+ Kb6 60. Qc6+ Ka5 61. Qb5# 1-0

[Event "Early-Titled-Tuesday-Blitz-March-26-2024"]
[Site "Chess.com"]
[Date "2024.03.26"]
[Round "8"]
[White "Brahianzevich"]
[Black "jinbojinbo"]
[Result "0-1"]
[WhiteElo "2466"]
[BlackElo "2644"]
[TimeControl "180+1"]
[EndTime "9:26:01 PDT"]
[Termination "jinbojinbo won by resignation"]

1. e4 e5 2. Nf3 Nc6 3. Bb5 a6 4. Ba4 Nf6 5. O-O Nxe4 6. d4 b5 7. Bb3 d5 8. dxe5 Be6 9. c3 Bc5 10. Nbd2 O-O 11. Qe2 Nxd2 12. Bxd2 d4 13. Bc2 g6 14.
Bg5 Qd7 15. Rad1 Rfe8 16. cxd4 Nxd4 17. Nxd4 Bxd4 18. Qe4 c5 19. Bf6 Rec8 20. Qh4 Qe8 21. Be4 Rab8 22. Kh1 Bxa2 23. f4 Rb6 24. Rf3 Rxf6 25.
exf6 Qe6 26. Rh3 h5 27. f5 Qxf6 28. Qg3 Be5 29. Qf3 c4 30. Qe2 Bb3 31. Rf1 Qg5 32.
fxg6 fxg6 33. Rhf3 Kh8 34. Bd5 Bd4 35. Rf8+ Rxf8 36. Rxf8+ Kg7 37. Rg8+ Kh7 38. Qf1 Bf6 39. Rf8 Bg7 40. Rg8 Qxd5 41. Rb8 Qd4 42. h3 Qxb2 43. Rb7 Qd4 44. Qf7 Qa1+ 45. Kh2 Qe5+ 46. Kh1 Kh6 47.
Qg8 Qa1+ 48. Kh2 Be5+ 49. g3 Qb2+ 50. Kh1 Qc1+ 51. Kg2 Qd2+ 52. Kf3 Qd3+ 53. Kg2 Qe4+ 54. Kf2 Qxb7 55. Qf8+ Bg7 56. Qf4+ Kh7 57. h4 Qb6+ 58. Kg2 Qd4 59. Qc7 c3 60. Kh3 Be6+ 61. Kh2 Qd2+ 62.
Kg1 c2 63. Qxg7+ Kxg7 0-1

[Event "Early-Titled-Tuesday-Blitz-March-26-2024"]
[Site "Chess.com"]
[Date "2024.03.26"]
[Round "8"]
[White "UK_23"]
[Black "Kapitan_Bayan"]
[Result "1-0"]
[WhiteElo "2405"]
[BlackElo "2289"]
[TimeControl "180+1"]
[EndTime "9:26:01 PDT"]
[Termination "UK_23 won by checkmate"]

1. e4 c5 2. Nf3 d6 3. d4 cxd4 4. Qxd4 Nc6 5. Qe3 Nf6 6. Be2 g6 7. O-O Bg7 8. Rd1 Qc7 9. h3 Nb4 10. Na3 O-O 11. c4 a6 12. Bd2 Nc6 13. Rac1 Nd7 14.
Bc3 Bxc3 15. Rxc3 Nde5 16. Nb1 Nxf3+ 17. Bxf3 Ne5 18. Be2 f5 19. exf5 Bxf5 20. Nd2 Rf7 21. Nf3 Nxf3+ 22. Bxf3 e6 23. g4 Raf8 24. gxf5 Rxf5 25.
Qxe6+ Kg7 26. Rdd3 Re5 27. Qxd6 Qxd6 28. Rxd6 Re1+ 29.
Kg2 Rb1 30. Rd7+ Rf7 31. Rxf7+ Kxf7 32. Rb3 b5 33. cxb5 axb5 34. Rxb5 Ra1 35. a3 Ke7 36.
Ra5 Kd6 37. b4 Rb1 38. Ra7 Ke5 39. Rxh7 Kd4 40. Rc7 Ra1 41. Ra7 Ra2 42. Bc6 g5 43. b5 Kc5 44. a4 Kb6 45. Ra6+ Kc5 46. a5 Ra4 47. Ra8 Ra1 48. a6 g4 49. hxg4 Ra2 50.
a7 Ra1 51. Bf3 Rxa7 52. Rxa7 Kb6 53. Rb7+ Ka5 54. g5 Ka4 55. g6 Ka5 56. g7 Ka4 57.
g8=Q Ka3 58. Ra7+ Kb4 59. Qf8+ Kb3 60. Ra3+ Kb2 61. Qb4+ Kc2 62. Rc3+ Kd2 63. Qd4+ Ke1 64. Re3# 1-0

[Event "Early-Titled-Tuesday-Blitz-March-26-2024"]
[Site "Chess.com"]
[Date "2024.03.26"]
[Round "8"]
[White "quizden37"]
[Black "Bauman_Guy"]
[Result "1-0"]
[WhiteElo "2866"]
[BlackElo "2899"]
[TimeControl "180+1"]
[EndTime "9:26:03 PDT"]
[Termination "quizden37 won by resignation"]

1. e4 c5 2. Nf3 d6 3. Nc3 Nf6 4. d4 cxd4 5. Nxd4 a6 6. Bg5 Nbd7 7. f4 Qa5 8. Nb3 Qc7 9. Qe2 e6 10. g4 b5 11. a3 Bb7 12. O-O-O Be7 13. Bg2 Nb6 14.
h4 Nc4 15. e5 dxe5 16. fxe5 Ng8 17. Bxb7 Qxb7 18. Ne4 h6 19. Bxe7 Nxe7 20. Na5 Qc7 21.
Nxc4 bxc4 22. Nd6+ Kf8 23. Qf3 Nd5 24. Rhf1 Kg8 25.
Rxd5 exd5 26. Qxd5 Rf8 27. e6 fxe6 28. Rxf8+ Kxf8 29. Qxe6 g5 30. h5 Rh7 31. Qe8+ Kg7 32. Nf5+ Kf6 33.
Qf8+ Ke6 34. Qg8+ Ke5 35. Kb1 Rd7 36. Qe8+ Kd5 37. Nxh6 Kc5 38. Nf5 Kb6 39. Qe6+ Qc6 40. Qe3+ Qc5 41. Qxg5 c3 42. Qf6+ Ka7 43. Qxc3 Rd1+ 44.
Ka2 Qd5+ 45. Qb3 Qh1 46. Qe3+ Ka8 47. h6 Ra1+ 48. Kb3 Qd5+ 49. c4 Qd1+ 50. Kb4 Rb1 51.
b3 Qc1 52. Qxc1 Rxc1 53. g5 Rf1 54. h7 1-0

[Event "Early-Titled-Tuesday-Blitz-March-26-2024"]
[Site "Chess.com"]
[Date "2024.03.26"]
[Round "8"]
[White "TigrVShlyape"]
[Black "Mysterio47"]
[Result "1/2-1/2"]
[WhiteElo "2902"]
[BlackElo "2726"]
[TimeControl "180+1"]
[EndTime "9:26:03 PDT"]
[Termination "Game drawn - insufficient material"]

1. e4 e5 2. Nf3 Nc6 3. Bb5 Nf6 4. O-O Nxe4 5. d4 Nd6 6. Bxc6 dxc6 7. dxe5 Nf5 8. Qxd8+ Kxd8 9. Rd1+ Ke8 10. Nc3 Be7 11.
h3 Nh4 12. Nxh4 Bxh4 13. Bf4 Bf5 14. Rd2 Rd8 15. Rad1 Rxd2 16. Rxd2 Be7 17. g4 Bg6 18. Kg2 h5 19. f3 a5 20. Ne2 Bb4 21. c3 Be7 22. Ng3 hxg4 23. hxg4 Bb1 24. a3 g6 25.
e6 fxe6 26. Bxc7 a4 27. Be5 Rf8 28. Bd6 Bxd6 29. Rxd6 Ke7 30. Rd4 b5 31. Rd2 c5 32.
Ne2 Rb8 33. Kg3 b4 34. cxb4 cxb4 35. Rd4 bxa3 36. bxa3 Bc2 37. Nc3 Rb3 38. Nxa4 e5 39.
Rc4 Rxa3 40. Rxc2 Rxa4 41. Rc6 Kf7 42. Rc7+ Kf6 43. Rc6+ Kf7 44. g5 Rb4 45. Rf6+ Kg7 46. Re6 Rb5 47. Re7+ Kf8 48. Rd7 Rb3 49. Kf2 Rb5 50.
Ke3 Rb1 51. Ke4 Rg1 52. Kxe5 Rxg5+ 53. Kf6 Rf5+ 54. Kxg6 Rxf3 55. Rd5 Ke7 56. Rf5 Rxf5 57. Kxf5 1/2-1/2

[Event "Early-Titled-Tuesday-Blitz-March-26-2024"]
[Site "Chess.com"]
[Date "2024.03.26"]
[Round "8"]
[White "Irina_Baraeva"]
[Black "Chxss_Khxsbu"]
[Result "0-1"]
[WhiteElo "2320"]
[BlackElo "1811"]
[TimeControl "180+1"]
[EndTime "9:26:03 PDT"]
[Termination "Chxss_Khxsbu won on time"]

1. d4 Nf6 2. c4 e6 3. Nf3 d5 4.
Nc3 Bb4 5. Bg5 h6 6. Bxf6 Qxf6 7.
e3 c6 8. Bd3 Nd7 9. O-O O-O 10.
Qe2 e5 11. cxd5 Bxc3 12. dxc6 Qxc6 13. bxc3 e4 14. Bxe4 Qxe4 15. Nd2 Qc6 16. c4 Nb6 17. e4 Bd7 18. e5 Rac8 19. Rfc1 Be6 20. d5 Bxd5 21.
cxd5 Qxc1+ 22. Rxc1 Rxc1+ 23. Nf1 Nxd5 24. Qd2 Rc5 25.
g3 Rfc8 26. Kg2 b6 27. Ne3 Nxe3+ 28. Qxe3 Re8 29. f4 Rc2+ 30. Kh3 Rxa2 31. Qe4 Rd2 32. f5 Rd7 33. f6 g6 34. Qc6 Red8 35. e6 fxe6 36. Qxe6+ Rf7 37. Kh4 Rf8 38. g4 g5+ 39.
Kh5 Kh8 40. Qe4 Rxf6 41. h4 gxh4 42. Kxh4 a5 43. Qa4 Rd8 44. Qb5 Kg7 45. Qe5 Rd7 46. Qb5 Re7 47. Qb2 Re6 48. Qb5 Kg6 49. Qb1+ Kf7 50. Qb5 Ke7 51. Qc4 Rc6 52. Qe4+ Kd7 53. Qd5+ Kc7 54. Qb5 Rc5 55. Qb2 Rd6 56. Qg7+ Kc6 0-1